 Dungeon Crawl Stone Soup version 0.27-a0-385-g3208abaabc (webtiles) character file.

Game seed: 10108765634023586097

162 wampuh the Magician (level 5, -4/35 HPs)
             Began as a Demonspawn Hedge Wizard on Feb 19, 2021.
             Shot with an arrow by a centaur (5 damage)
             ... on level 3 of the Dungeon.
             The game lasted 00:06:54 (3824 turns).

wampuh the Magician (Demonspawn Hedge Wizard)       Turns: 3824, Time: 00:06:54

Health: -4/35      AC:  3    Str: 10    XL:     5   Next: 19%
Magic:  7/11       EV: 12    Int: 17    God:
Gold:   101        SH:  0    Dex: 12    Spells: 10/13 levels left

rFire    . . .     SeeInvis .   a - +0 dagger
rCold    . . .     Faith    .   (no shield)
rNeg     . . .     Spirit   .   b - +0 robe
rPois    .         Reflect  .   c - +0 hat
rElec    .         Harm     .   (no cloak)
rCorr    .         Rampage  .   (no gloves)
Will     .....                  f - +0 pair of boots
Stlth    ++........             (no amulet)
HPRegen  0.11/turn              (no ring)
MPRegen  0.12/turn              (no ring)

@: no status effects
A: antennae 1, demonic guardian 1, demonic magic 1
a: no special abilities


You were on level 3 of the Dungeon.
You visited 1 branch of the dungeon, and saw 3 of its levels.

You collected 101 gold pieces.

Inventory:

Hand Weapons
 a - a +0 dagger (weapon)
Armour
 b - a +0 robe (worn)
 c - a +0 hat (worn)
 f - a +0 pair of boots (worn)
Scrolls
 e - a scroll of blinking {unknown}
 g - a scroll of identify {unknown}
Potions
 d - 2 potions of lignification
 h - a potion of cancellation {unknown}


   Skills:
 - Level 0.3 Short Blades
 - Level 1.7 Dodging
 - Level 1.8 Stealth
 + Level 4.6 Spellcasting
 + Level 3.0 Conjurations
 + Level 0.0 Hexes
 - Level 1.3 Summonings
 - Level 0.8 Translocations


You had 10 spell levels left.
You knew the following spells:

 Your Spells              Type           Power        Failure   Level
a - Magic Dart            Conj           56%          4%          1
b - Slow                  Hex            4%           22%         2

Your spell library contained the following spells:

 Spells                   Type           Power        Failure   Level
 Call Imp                 Summ           8%           13%         2
 Blink                    Tloc           N/A          16%         2
 Conjure Flame            Conj/Fire      9%           24%         3
 Mephitic Cloud           Conj/Pois/Air  7%           28%         3


Dungeon Overview and Level Annotations

Branches:
Dungeon (3/15)

Altars:
Nemelex Xobeh
Ru


Innate Abilities, Weirdness & Mutations

You have a pair of small antennae on your head.
A weak demonic guardian rushes to your aid.
Spells you cast may paralyse adjacent enemies.


Message History

Aim: a centaur, wielding a +0 shortbow and quivering arrows (0% to evade)
The magic dart hits the centaur but does no damage.
Malevolent energies surge around you.
The centaur shoots an arrow.
The arrow hits you.
Casting: Magic Dart (safe; 4% risk of failure)
Confirm with . or Enter, or press ? or * to list all spells.
Aiming: Magic Dart (safe; 4% risk of failure)
Press: ? - help, Shift-Dir - straight line, f/p - centaur
Aim: a centaur, wielding a +0 shortbow and quivering arrows (0% to evade)
The magic dart hits the centaur.
The centaur is lightly wounded.
Malevolent energies surge around you.
Casting: Magic Dart (safe; 4% risk of failure)
Confirm with . or Enter, or press ? or * to list all spells.
Aiming: Magic Dart (safe; 4% risk of failure)
Press: ? - help, Shift-Dir - straight line, f/p - centaur
Aim: a centaur, wielding a +0 shortbow and quivering arrows (lightly wounded, 0% to evade)
The magic dart hits the centaur.
The centaur is lightly wounded.
Malevolent energies surge around you.
Casting: Magic Dart (safe; 4% risk of failure)
Confirm with . or Enter, or press ? or * to list all spells.
Aiming: Magic Dart (safe; 4% risk of failure)
Press: ? - help, Shift-Dir - straight line, f/p - centaur
Aim: a centaur, wielding a +0 shortbow and quivering arrows (lightly wounded, 0% to evade)
The magic dart hits the centaur.
The centaur is moderately wounded.
Malevolent energies surge around you.
The centaur shoots an arrow.
The arrow closely misses you.
The centaur shoots an arrow.
The arrow hits you!
* * * LOW HITPOINT WARNING * * *
The centaur shoots an arrow.
The arrow closely misses you.
The centaur shoots an arrow.
The arrow barely misses you.
The centaur shoots an arrow.
The arrow barely misses you.
The centaur shoots an arrow.
The arrow hits you!
* * * LOW HITPOINT WARNING * * *
A demonic guardian appears!
There is a stone staircase leading up here.
The centaur shoots an arrow.
The arrow hits you.
You die...

..... .......
........
........
######......$
..5.........
######........#
.......@†..#
...........#
##.####..)##
##.## #.# #c#
#)# ... .....


You could see a centaur (ally target) and a friendly shadow imp (summoned).

Vanquished Creatures
  A bullfrog (D:2)
  3 gnolls
  An adder (D:2)
  An ooze (D:1)
  A worm (D:2)
  2 dart slugs (D:1)
  2 leopard geckos
  2 ball pythons (D:1)
  3 giant cockroaches
  6 goblins
  6 hobgoblins
  7 kobolds
  8 bats
  A frilled lizard (D:2)
  3 rats
47 creatures vanquished.

Vanquished Creatures (collateral kills)
  A worker ant (D:2)
  A hobgoblin (D:2)
2 creatures vanquished.

Grand Total: 49 creatures vanquished

Notes
Turn   | Place    | Note
-------+----------+-------------------------------------------
     0 | D:1      | wampuh the Demonspawn Hedge Wizard began the quest for the
                  | Orb.
     0 | D:1      | Reached XP level 1. HP: 13/13 MP: 4/4
   458 | D:1      | Gained mutation: A weak demonic guardian rushes to your
                  | aid. [demonic ancestry]
   458 | D:1      | Reached XP level 2. HP: 19/19 MP: 0/6
  1648 | D:1      | Reached XP level 3. HP: 24/24 MP: 5/8
  2259 | D:2      | Found a sacrificial altar of Ru.
  2348 | D:2      | Noticed a bullfrog
  2353 | D:2      | Killed a bullfrog
  2354 | D:2      | Reached skill level 4 in Spellcasting
  2354 | D:2      | Gained mutation: You have a pair of small antennae on your
                  | head. [demonic ancestry]
  2354 | D:2      | Reached XP level 4. HP: 25/30 MP: 6/10
  3392 | D:2      | Gained mutation: Spells you cast may paralyse adjacent
                  | enemies. [demonic ancestry]
  3392 | D:2      | Reached XP level 5. HP: 31/35 MP: 2/11
  3578 | D:2      | Learned a level 2 spell: Slow
  3696 | D:2      | Found a sparkling altar of Nemelex Xobeh.
  3813 | D:3      | Noticed a centaur
  3823 | D:3      | HP: 1/35 [centaur/arrow (10)]
  3824 | D:3      | Shot with an arrow by a centaur

Illustrated notes

Levels and vault maps discovered:
D:1:      amcnicky_arrival_feature_with_door, layout_basic
D:2:      layout_basic, nicolae_overflow_hidden_temple, lemuel_doored_altar
D:3:      layout_loops_ring

Skill      XL: |  1  2  3  4  5 |
---------------+----------------+-----
Spellcasting   | 4 |  4.6
Conjurations   | 2 3 |  3.0
Short Blades   | |  0.3
Dodging        | |  1.7
Stealth        | |  1.8
Summonings     | |  1.3
Translocations | |  0.8

Action                   |  1- 3 |  4- 6 || total
-------------------------+-------+-------++-------
Melee: Dagger            |    34 |     5 ||    39
 Cast: Magic Dart        |    80 |    65 ||   145
  Use: Potion            |       |     1 ||     1
Armor: Robe              |    23 |     1 ||    24
Dodge: Dodged            |    53 |    22 ||    75

Table legend: (Time is in decaauts)
 A = Elapsed time spent in this place.
 B = Non-inter-level travel time spent in this place.
 C = Inter-level travel time spent in this place.
 D = Time resting spent in this place.
 E = Time spent auto-exploring this place.
 F = Levels seen in this place.
 G = Mean time per level.
                   A        B        C        D        E       F      G
               +--------+--------+--------+--------+--------+-----+--------+
         Total |   3825 |   3784 |     41 |   1709 |   1648 |   3 | 1275.0 |
       Dungeon |   3825 |   3784 |     41 |   1709 |   1648 |   3 | 1275.0 |
               +--------+--------+--------+--------+--------+-----+--------+

Top non-repeatable levels by time:
     D:1: 2506 daAuts
     D:2: 1253 daAuts
     D:3: 65 daAuts
